 Dungeon Crawl Stone Soup version 0.20.0-15-g7f486f2 (webtiles) character file.

7948 sagitran the Cleaver (level 11, 0/159 HPs)
             Began as a Hill Orc Fighter on June 13, 2017.
             Was a Believer of Beogh.
             Succumbed to a killer bee's poison
             ... on level 9 of the Dungeon.
             The game lasted 02:16:14 (6914 turns).

sagitran the Cleaver (Hill Orc Fighter)             Turns: 6914, Time: 02:16:15

Health: 0/159      AC: 25    Str: 21    XL:     11   Next: 23%
Magic:  4/11       EV:  2    Int:  8    God:    Beogh [**....]
Gold:   545        SH: 11    Dex: 10    Spells: 10/10 levels left

rFire    . . .     SeeInvis +   y - +3 war axe
rCold    . . .     Gourm    .   c - +0 shield
rNeg     + + +     Faith    .   (armour currently unavailable)
rPois    +         Spirit   .   (helmet currently unavailable)
rElec    .         Reflect  .   (cloak currently unavailable)
rCorr    .         Harm     .   (gloves currently unavailable)
MR       +....     NoTele   +   (boots currently unavailable)
Stlth    ++........             q - amulet of magic regeneration
Regen    0.4/turn               g - ring of flight
MPRegen  0.2/turn               n - ring of protection from magic

@: lethally poisoned (0 -> -4), tree-form
A: see invisible, robust 1, weak 1, wild magic 1
a: Smiting, Renounce Religion


You were on level 9 of the Dungeon.
You worshipped Beogh.
Beogh was pleased with you.
You were completely stuffed.
You were a tree.
You visited 2 branches of the dungeon, and saw 10 of its levels.
You also visited: Sewer and Ossuary.

You collected 545 gold pieces.

Inventory:

Hand Weapons
 y - a +3 war axe (weapon)
Missiles
 D - 10 tomahawks (quivered)
 E - 2 tomahawks of returning
Armour
 c - a +0 shield (worn)
 d - a +0 troll leather armour (melded) {Purgy}
 s - a +0 pair of gloves (melded)
 L - a scarf of spirit shield (melded)
 M - a +2 plate armour of cold resistance
Jewellery
 g - a ring of flight (left branch)
 n - a ring of protection from magic (right branch)
 q - an amulet of magic regeneration (around neck)
Wands
 k - a wand of lightning (9/15)
 r - a wand of flame (34/48)
 t - a wand of iceblast (4/15)
 v - a wand of polymorph (1/24)
 w - a wand of confusion (17/48)
 A - a wand of random effects (12/48)
 C - a wand of random effects (31/48)
 H - a wand of paralysis (20/24)
Scrolls
 b - a scroll of blinking
 e - 4 scrolls of teleportation
 h - a scroll of fog
 j - 3 scrolls of amnesia
 l - a scroll of fear
 x - a scroll of magic mapping
 z - 4 scrolls of remove curse
 G - a scroll of recharging
Potions
 a - 2 potions of flight
 m - 4 potions of lignification
 p - a potion of haste
 u - 3 potions of brilliance
 F - 2 potions of cancellation
Comestibles
 f - 8 bread rations
 i - 6 royal jellies
 o - 3 meat rations
 J - 2 fruits


   Skills:
 + Level 9.5 Fighting
 + Level 14.1 Axes
 + Level 0.8 Throwing
 + Level 7.5 Armour
 + Level 2.8 Dodging
 + Level 1.9 Stealth
 + Level 8.6 Shields
 + Level 0.3 Invocations
 + Level 1.2 Evocations


You had 10 spell levels left.
You didn't know any spells.

Dungeon Overview and Level Annotations

Branches:
Dungeon (9/15)             Temple (1/1) D:4
   Lair: D:8-11         Orc: D:9-12

Altars:
Ashenzari
Cheibriados
Dithmenos
Elyvilon
Fedhas
Gozag
Hepliaklqana
Kikubaaqudgha
Makhleb
Nemelex Xobeh
Okawaru
Qazlal
Ru
Sif Muna
Trog
Uskayaw
Vehumet
Xom
Yredelemnul
Zin
The Shining One

Shops:
D:6 (   D:9 *


Innate Abilities, Weirdness & Mutations

((You have large cloven feet.))
((You are partially covered in iridescent scales. (AC +2)))
((You are partially covered in yellow scales. (AC +2)))
You have supernaturally acute eyesight. (SInv)
You are robust. (+10% HP)
((You are covered in fur. (AC +1)))
((You are resistant to electric shocks. (rElec)))
You are weak. (Str -2)
Your spells are a little harder to cast, but a little more powerful.


Message History

Your scarf of spirit shield melds into your body.
Your +0 pair of gloves melds into your body.
Your +0 troll leather armour {Purgy} melds into your body.
You feel strangely alone.
Your roots penetrate the ground.
* * * LOW HITPOINT WARNING * * *
You feel sick.
* * * LOW HITPOINT WARNING * * *
You feel sick.
* * * LOW HITPOINT WARNING * * *
You feel sick.
* * * LOW HITPOINT WARNING * * *
You feel sick.
* * * LOW HITPOINT WARNING * * *
You feel sick.
You eat one of the 4 meat rations.
That meat ration really hit the spot!
* * * LOW HITPOINT WARNING * * *
You feel sick.
* * * LOW HITPOINT WARNING * * *
You feel sick.
You die...

#............# #..(....####'##
####'##'###### #..............
#.......#...# #..............
#.......#...# #..............
#.......'...# #..............
#########...######(.............
#####...)†)........#+##
#...)(.........#
#.♣............#
#...........>..#
#..............#
......###+######. . .......# . .
.......+ .. . +.......#
#.......#


There were no monsters in sight!

Vanquished Creatures
  Erolcha (D:9)
  3 two-headed ogres
  Pikel (D:5)
  A vampire (D:6)
  A wyvern (D:8)
  Duvessa (D:5)
  Purgy (Sewer)
  2 ice beasts
  5 orc warriors
  An ogre (D:6)
  3 phantoms
  4 sky beasts
  4 centaurs
  2 big kobolds (D:9)
  4 bullfrogs
  5 water moccasin zombies (Ossuary)
  A wyvern skeleton (D:9)
  2 scorpions
  Dowan (D:5)
  6 killer bees (D:9)
  5 wights (D:6)
  A howler monkey (D:5)
  A bullfrog zombie (D:5)
  3 crimson imps
  A quasit (D:6)
  4 hounds
  A jelly (D:8)
  4 orc priests
  Crazy Yiuf (D:4)
  7 orc wizards
  3 iguanas
  5 worker ants
  3 big kobold zombies (Ossuary)
  A hound zombie (D:6)
  2 mummies (Ossuary)
  A gnoll (D:1)
  13 adders
  4 shadow imps
  An ooze (D:1)
  3 adder zombies (Ossuary)
  2 worms
  A dart slug (D:1)
  5 leopard geckos
  33 orcs
  8 bats
  7 giant cockroaches
  4 goblins (D:2)
  5 hobgoblins
  19 kobolds
  2 quokkas
  A ball python (D:1)
  A ball python skeleton (D:5)
  4 frilled lizards
  2 gnoll zombies (Ossuary)
  5 hobgoblin zombies (Ossuary)
  3 kobold zombies (Ossuary)
  2 orc zombies (Ossuary)
  6 rats
223 creatures vanquished.

Vanquished Creatures (others)
  An ogre (D:5)
  A bullfrog zombie (D:5)
  An orc priest (D:7)
  An iguana (D:5)
  3 orcs
7 creatures vanquished.

Grand Total: 230 creatures vanquished

Notes
Turn   | Place    | Note
-------+----------+-------------------------------------------
     0 | D:1      | sagitran the Hill Orc Fighter began the quest for the Orb.
     0 | D:1      | Reached XP level 1. HP: 19/19 MP: 1/1
    61 | D:1      | Reached XP level 2. HP: 21/27 MP: 2/2
   242 | D:1      | Reached skill level 3 in Axes
   273 | D:1      | Reached XP level 3. HP: 6/33 MP: 3/3
   958 | D:2      | Reached XP level 4. HP: 30/41 MP: 4/4
  1355 | D:3      | Noticed a phantom
  1553 | D:3      | Reached skill level 4 in Axes
  1553 | D:3      | Reached XP level 5. HP: 31/47 MP: 5/5
  1618 | D:3      | Found a glowing drain.
  1681 | Sewer    | Entered a sewer
  1719 | Sewer    | Noticed Purgy
  1745 | Sewer    | Killed Purgy
  1745 | Sewer    | Reached skill level 5 in Fighting
  1745 | Sewer    | Reached skill level 5 in Axes
  1745 | Sewer    | Reached XP level 6. HP: 16/56 MP: 6/6
  1932 | D:3      | Killed a phantom
  2352 | D:4      | Found a staircase to the Ecumenical Temple.
  2368 | D:4      | Reached skill level 6 in Axes
  2368 | D:4      | Reached skill level 5 in Shields
  2368 | D:4      | Reached XP level 7. HP: 44/61 MP: 7/7
  2384 | Temple   | Entered the Ecumenical Temple
  2588 | D:4      | Found a runed door.
  2748 | D:4      | Found a sparkling altar of Nemelex Xobeh.
  2803 | D:4      | Noticed Crazy Yiuf
  2810 | D:4      | Killed Crazy Yiuf
  2900 | D:5      | Entered Level 5 of the Dungeon
  3062 | D:5      | Reached skill level 5 in Armour
  3119 | D:5      | Noticed Pikel
  3134 | D:5      | Killed Pikel
  3134 | D:5      | Reached skill level 8 in Axes
  3134 | D:5      | Reached XP level 8. HP: 70/71 MP: 8/8
  3185 | D:5      | Reached skill level 9 in Axes
  3211 | D:5      | Noticed Dowan
  3212 | D:5      | Noticed Duvessa
  3229 | D:5      | Killed Dowan
  3231 | D:5      | Killed Duvessa
  3247 | D:5      | Reached skill level 10 in Axes
  3616 | D:6      | Reached XP level 9. HP: 78/78 MP: 9/9
  3682 | D:6      | Gained mutation: You are resistant to electric shocks. (rElec) [mutagenic meat]
  3683 | D:6      | Gained mutation: You are resistant to hostile enchantments. (MR+) [mutagenic meat]
  3684 | D:6      | Gained mutation: You are agile. (Dex +2) [mutagenic meat]
  3685 | D:6      | Gained mutation: Armour fits poorly on your strangely shaped body. [mutagenic meat]
  3686 | D:6      | Gained mutation: You are covered in fur. (AC +1) [mutagenic meat]
  3903 | D:6      | Found a stormy altar of Qazlal.
  3905 | D:6      | Found a glowing silver altar of Zin.
  3905 | D:6      | Found a burning altar of Makhleb.
  3907 | D:6      | Found an iron altar of Okawaru.
  3907 | D:6      | Found a deep blue altar of Sif Muna.
  3907 | D:6      | Found a shimmering altar of Xom.
  3912 | D:6      | Reached skill level 11 in Axes
  4247 | D:6      | Found Nisut's Antique Weapon Shop.
  4276 | D:6      | Noticed a two-headed ogre
  4286 | D:6      | Killed a two-headed ogre
  4286 | D:6      | Reached skill level 1 in Dodging
  4326 | D:6      | Reached skill level 12 in Axes
  4326 | D:6      | Reached XP level 10. HP: 22/88 MP: 10/10
  4528 | D:7      | Gained mutation: Your body sometimes deteriorates upon taking damage. [mutagenic meat]
  4529 | D:7      | Gained mutation: You are robust. (+10% HP) [mutagenic meat]
  4530 | D:7      | Lost mutation: Your body sometimes deteriorates upon taking damage. [mutagenic meat]
  4531 | D:7      | Gained mutation: You have large cloven feet. [mutagenic meat]
  4532 | D:7      | Lost mutation: Armour fits poorly on your strangely shaped body. [mutagenic meat]
  4570 | D:7      | Became a worshipper of Beogh the Brigand
  4957 | D:7      | Found a shattered altar of Ashenzari.
  5212 | D:7      | Reached skill level 1 in Stealth
  5217 | D:7      | Gained mutation: Your spells are a little harder to cast, but a little more powerful. [mutagenic meat]
  5219 | D:7      | Gained mutation: You are weak. (Str -2) [mutagenic meat]
  5221 | D:7      | Gained mutation: You are partially covered in iridescent scales. (AC +2) [mutagenic meat]
  5336 | D:8      | Noticed a two-headed ogre
  5365 | D:8      | Killed a two-headed ogre
  5432 | D:8      | Found a sand-covered staircase.
  5439 | Ossuary  | Entered an ossuary
  5480 | Ossuary  | Reached * piety under Beogh
  5547 | Ossuary  | Reached skill level 13 in Axes
  6264 | D:9      | Reached ** piety under Beogh
  6284 | D:9      | Lost mutation: You are agile. (Dex +2) [potion of mutation]
  6284 | D:9      | Lost mutation: You are resistant to hostile enchantments. (MR+) [potion of mutation]
  6284 | D:9      | Gained mutation: You are partially covered in yellow scales. (AC +2) [potion of mutation]
  6284 | D:9      | Gained mutation: You have supernaturally acute eyesight. (SInv) [potion of mutation]
  6324 | D:9      | Noticed a two-headed ogre
  6344 | D:9      | Killed a two-headed ogre
  6391 | D:9      | Noticed Erolcha
  6400 | D:9      | Paralysed by Erolcha for 6 turns
  6443 | D:9      | Reached XP level 11. HP: 31/106 MP: 8/11
  6451 | D:9      | Killed Erolcha
  6451 | D:9      | Reached skill level 1 in Evocations
  6527 | D:9      | Reached skill level 14 in Axes
  6729 | D:9      | Found Ziluem's General Store.
  6906 | D:9      | HP: 4/106 [poisoned by a killer bee]
  6911 | D:9      | HP: 2/159 [poisoned by a killer bee]
  6914 | D:9      | Succumbed to a killer bee's poison

Skill      XL: |  1  2  3  4  5  6  7  8  9 10 11 |
---------------+----------------------------------+-----
Axes           | 3 4 5 6 8 10 12 13 14 | 14.1
Fighting       | 4 5 6 7 9 |  9.5
Shields        | 4 5 6 7 8 |  8.6
Armour         | 4 5 6 7 |  7.5
Dodging        | 1 2 |  2.8
Stealth        | 1 |  1.9
Evocations     | 1 |  1.2
Throwing       | |  0.8
Invocations    | |  0.3

Action                   |  1- 3 |  4- 6 |  7- 9 | 10-12 || total
-------------------------+-------+-------+-------+-------++-------
Melee: War axe           |    98 |   217 |   243 |   304 ||   862
       Kick              |       |       |       |    83 ||    83
Throw: Tomahawk          |       |       |     5 |     6 ||    11
Invok: Convert to Beogh  |       |       |       |     1 ||     1
       Smiting           |       |       |       |     2 ||     2
 Abil: Evoke Flight      |       |       |       |     1 ||     1
Evoke: Wand              |       |       |     2 |     9 ||    11
  Use: Scroll            |     5 |     6 |     5 |    10 ||    26
       Potion            |       |     2 |     1 |    14 ||    17
 Stab: Invisible         |       |     2 |       |     1 ||     3
       Confused          |       |       |       |     2 ||     2
       Paralysed         |       |       |       |     2 ||     2
       Sleeping          |       |       |       |     2 ||     2
  Eat: Bread ration      |       |     2 |       |     1 ||     3
       Meat ration       |       |       |     1 |     2 ||     3
       Chunk             |       |       |     5 |     9 ||    14
       Fruit             |       |       |       |     1 ||     1
Armor: Scale mail        |    21 |       |       |       ||    21
       Plate armour      |    32 |   176 |   173 |    10 ||   391
       Troll leather arm |       |     4 |     3 |    72 ||    79
       Skin              |       |       |    11 |       ||    11
Dodge: Dodged            |    31 |    48 |    44 |   105 ||   228
Block: Shield            |    60 |   125 |   137 |   160 ||   482
